 Dungeon Crawl Stone Soup version 0.25.1-2-g60ff931df9 (webtiles) character file.

Game seed: 6408087258574471669

367 Delamore the Cudgeler (level 6, -10/40 HPs)
             Began as a Gargoyle Fighter on Sept 6, 2020.
             Mangled by Menkaure (17 damage)
             ... on level 6 of the Dungeon.
             The game lasted 00:03:28 (2828 turns).

Delamore the Cudgeler (Gargoyle Fighter)            Turns: 2828, Time: 00:03:29

Health: -10/40     AC: 12    Str: 21    XL:     6   Next: 69%
Magic:  6/6        EV: 12    Int:  9    God:
Gold:   175        SH: 10    Dex: 12    Spells: 5/5 levels left

rFire    . . .     SeeInvis .   B - +11 dagger of Doom {drain, Dex+3}
rCold    . . .     Gourm    .   c - +0 kite shield
rNeg     + . .     Faith    +   k - +0 ring mail (curse)
rPois    ∞         Spirit   .   (no helmet)
rElec    +         Reflect  .   u - +0 cloak
rCorr    +         Harm     .   z - +0 pair of gloves
MR       .....                  (no boots)
Stlth    +.........             n - amulet of faith
HPRegen  0.13/turn              g - +4 ring of evasion
MPRegen  0.10/turn              t - ring of resist corrosion

@: no status effects
A: negative energy resistance 1, electricity resistance, unbreathing,
petrification resistance, rot immunity, AC +4
a: no special abilities


You were on level 6 of the Dungeon.
You were not hungry.

You visited 1 branch of the dungeon, and saw 4 of its levels.

You collected 175 gold pieces.

Inventory:

Hand Weapons
 a - a +0 flail
 x - a +2 flail of holy wrath
 B - the +11 dagger of Doom (weapon) {drain, Dex+3}
   (You found it on level 6 of the Dungeon)

   A truly terrible weapon, it drains the life of those it strikes.
   It affects your dexterity (+3).
Missiles
 j - 15 poisoned darts (quivered)
Armour
 b - a +0 scale mail
 c - a +0 kite shield (worn)
 k - a cursed +0 ring mail (worn)
 u - a +0 cloak (worn)
 y - a +2 scale mail of cold resistance
 z - a +0 pair of gloves (worn)
Jewellery
 g - a +4 ring of evasion (left hand)
 n - an amulet of faith (around neck)
 t - a ring of resist corrosion (right hand)
Wands
 v - a wand of polymorph (5)
 w - a wand of acid (5)
Scrolls
 i - 4 scrolls of identify
 m - 3 scrolls of blinking
 o - 3 scrolls of amnesia
 p - a scroll of random uselessness
 s - 2 scrolls of teleportation
 C - a scroll of noise {unknown}
Potions
 d - 2 potions of might
 e - 2 potions of curing {unknown}
 h - a potion of flight {unknown}
 l - 2 potions of haste {unknown}
 q - a potion of invisibility {unknown}
 r - a potion of heal wounds {unknown}
Comestibles
 f - 6 rations


   Skills:
 + Level 4.9 Fighting
 * Level 5.0 Maces & Flails
 - Level 3.2 Armour
 + Level 4.8 Shields


You had 5 spell levels left.
You didn't know any spells.
Your spell library was empty.

Dungeon Overview and Level Annotations

Branches:
Dungeon (3/15)

Altars:
Vehumet

Annotations:
D:6 Menkaure


Innate Abilities, Weirdness & Mutations

You are resistant to torment.
Your stone body is resilient. (AC +4)
You are immune to poison.
You resist negative energy. (rN+)
You are resistant to electric shocks. (rElec)
You can survive without breathing.
You are immune to petrification.
You are immune to rotting.


Message History

The orc wizard seems to speed up.
An orc comes into view. It is wielding a +0 club.
Menkaure hits you!
You completely miss Menkaure.
Menkaure is lightly damaged.
Menkaure hits you!
* * * LOW HITPOINT WARNING * * *
You are too injured to fight recklessly!
Evoke which item? (* to show all) (? for menu, Esc to quit)
Aiming: Corrosive Bolt
Press: ? - help, Shift-Dir - straight line, f - Menkaure
Aim: Menkaure (lightly damaged, fast)
The bolt of acid hits Menkaure!
Menkaure is splashed with acid.
The acid corrodes Menkaure!
Menkaure is almost destroyed.
The bolt of acid hits the orc!
The orc is splashed with acid.
The acid corrodes the orc!
You kill the orc!
Menkaure hits you!
You die...

## .... ..##... ...#...
#...... .o).. #...##
#.Mo#### #..@#..##
#....#....# #....#...##
............# ............##
......................###
........................###
..........................##
#..................####....#


You could see Menkaure (fast, corroded), an orc wizard (fast) and an orc.

Vanquished Creatures
  Eustachio (D:6)
  A jelly (D:6)
  Crazy Yiuf (D:3)
  A hound (D:6)
  Jessica (D:3)
  4 adders
  An ooze (D:6)
  2 dart slugs (D:1)
  A leopard gecko (D:1)
  8 orcs
  3 ball pythons
  A giant cockroach (D:2)
  9 goblins
  6 hobgoblins
  4 jackals
  6 bats
  2 frilled lizards (D:3)
  10 kobolds
  A quokka zombie (D:2)
  5 rats
68 creatures vanquished.

Notes
Turn   | Place    | Note
-------+----------+-------------------------------------------
     0 | D:1      | Delamore the Gargoyle Fighter began the quest for the Orb.
     0 | D:1      | Reached XP level 1. HP: 14/14 MP: 1/1
    91 | D:1      | Reached XP level 2. HP: 8/19 MP: 2/2
   528 | D:1      | Reached XP level 3. HP: 22/23 MP: 3/3
   999 | D:2      | Reached skill level 3 in Maces & Flails
  1287 | D:2      | Reached XP level 4. HP: 29/29 MP: 4/4
  1527 | D:2      | Found a radiant altar of Vehumet.
  1711 | D:3      | Found a runed translucent door.
  1712 | D:3      | Noticed Crazy Yiuf
  1721 | D:3      | Killed Crazy Yiuf
  1865 | D:3      | Noticed Jessica
  1883 | D:3      | Killed Jessica
  1883 | D:3      | Reached XP level 5. HP: 29/33 MP: 5/5
  2079 | D:3      | Reached skill level 4 in Maces & Flails
  2668 | D:3      | You fall into a shaft and drop 3 floors!
  2668 | D:6      | Noticed Eustachio
  2680 | D:6      | Killed Eustachio
  2680 | D:6      | Reached XP level 6. HP: 37/40 MP: 6/6
  2712 | D:6      | Got a crude dagger
  2715 | D:6      | Reached skill level 5 in Maces & Flails
  2722 | D:6      | Identified the +11 dagger of Doom {drain, Dex+3} (You found
                  | it on level 6 of the Dungeon)
  2821 | D:6      | Noticed Menkaure
  2828 | D:6      | Mangled by Menkaure

Illustrated notes

Levels and vault maps discovered:
D:1:      dpeg_arrival_erosion, layout_rooms, minmay_liquid_box
D:2:      layout_loops_ring, vehumet_crystals
D:3:      layout_loops_ring, uniq_crazy_yiuf_cottage, uniq_jessica
D:6:      layout_cave_pools, grunt_gozag_statues, uniq_menkaure, uniq_eustachio

Skill      XL: |  1  2  3  4  5  6 |
---------------+-------------------+-----
Maces & Flails | 3 4 5 |  5.0
Fighting       | 4 |  4.9
Shields        | 4 |  4.8
Armour         | |  3.2

Action                   |  1- 3 |  4- 6 || total
-------------------------+-------+-------++-------
Melee: Flail             |   140 |   139 ||   279
       Dagger            |       |     2 ||     2
Evoke: Wand              |       |     6 ||     6
  Use: Scroll            |       |     4 ||     4
  Eat: Chunk             |     1 |     6 ||     7
Armor: Scale mail        |    52 |       ||    52
       Ring mail         |    25 |    46 ||    71
Dodge: Dodged            |   104 |    89 ||   193
Block: Kite shield       |    97 |    87 ||   184
